 Dungeon Crawl Stone Soup version 0.32-a0-540-g866d13106e (webtiles) character file.

Game seed: 13444920703330034244

1664242 Daunt the Worldbinder (level 26, 172/217 HPs)
             Began as a Mountain Dwarf Monk on Feb 29, 2024.
             Was the Champion of Qazlal.
             Escaped with the Orb
             ... and 3 runes!
             The game lasted 07:00:47 (70366 turns).

Daunt the Worldbinder (Mountain Dwarf Monk)        Turns: 70366, Time: 07:00:48

Health: 172/217    AC: 41    Str: 22    XL:     26   Next: 59%
Magic:  37/39      EV: 13    Int: 11    God:    Qazlal [******]
Gold:   2626       SH: 28    Dex: 21    Spells: 19/50 levels left

rFire   + + .        a - +9 broad axe (distort)
rCold   + . .        g - +5 Storm Queen's Shield {shock, Fly rElec}
rNeg    . . .        c - +9 gold dragon scales
rPois   +            (helmet restricted)
rElec   +            F - +2 cloak "Ecoistro" {Rampage Will+++ Dex+2 Stlth-}
rCorr   +            w - +2 pair of gloves {Dex+3}
SInv    .            P - +2 pair of slick slippers {slick, slippery, EV+4}
Will    +++++        I - amulet "Zeynt" {Rampage rElec Regen+} Stlth
                     U - ring of resist corrosion
HPRegen 1.36/turn    i - +4 ring of protection
MPRegen 0.26/turn

%: repel missiles, rampage
@: flying, hasted, very quick
A: runic magic, artefact enchanting, antennae 1, hooves 1, agile 1, deformed
body, deterioration 1, dopey 1, fire resistance 1, frail 1, strong-willed 1,
screaming 1, subdued magic 1
0: Orb of Zot
}: 3/15 runes: decaying, slimy, gossamer
a: Renounce Religion, Upheaval, Elemental Force, Disaster Area


You escaped.
You worshipped Qazlal.
Qazlal was exalted by your worship.
You visited 11 branches of the dungeon, and saw 52 of its levels.
You also visited: Bailey and Wizlab.

You collected 7541 gold pieces.
You spent 4915 gold pieces at shops.

Inventory:

Hand Weapons
 a - a +9 broad axe of distortion (weapon)
Missiles
 l - 7 javelins
 p - 47 boomerangs (quivered)
 q - 19 curare-tipped darts
 B - 4 throwing nets
 K - 5 datura-tipped darts
 R - 6 atropa-tipped darts
Armour
 c - +9 gold dragon scales (worn)
 g - the +5 Storm Queen's Shield (worn) {shock, Fly rElec}
   (You found it on level 11 of the Dungeon)

   Shock:     When it blocks an attack, it may electrocute the attacker.
   This works even against foes who are a short distance away.
   rElec:     It insulates you from electricity.
   Fly:       It grants you flight.
 w - a +2 pair of gloves of dexterity (worn)
 E - a +2 helmet of intelligence
 F - the +2 cloak "Ecoistro" (worn) {Rampage Will+++ Dex+2 Stlth-}
   (You bought it in a shop on level 2 of the Orcish Mines)

   Dex+2:     It affects your dexterity (+2).
   Will+++:   It greatly increases your willpower.
   Rampage:   It bestows one free step when moving towards enemies.
   Stlth-:    It makes you less stealthy.
 P - the +2 pair of slick slippers (worn) {slick, slippery, EV+4}
   (You acquired it on level 4 of the Depths)

   Slick:     Its wearer cannot be constricted, engulfed, netted, webbed, or
   stopped by binding sigils.
   Slippery:  Its wearer slips away from damaging melee attacks, pulling the
   attacker onward.
   EV+4:      It affects your evasion (+4).
Jewellery
 i - a +4 ring of protection (right hand)
 I - the amulet "Zeynt" (around neck) {Rampage rElec Regen+}
   (You found it on level 5 of the Pits of Slime)

   [amulet of regeneration]

   rElec:     It insulates you from electricity.
   Regen+:    It increases your rate of health regeneration.
   Rampage:   It bestows one free step when moving towards enemies.
 T - a +6 ring of intelligence
 U - a ring of resist corrosion (left hand)
Wands
 o - a wand of light (20)
 t - a wand of charming (38)
 D - a wand of digging (21)
 H - a wand of warping (51)
 W - a wand of mindburst (35)
Scrolls
 f - 14 scrolls of fear
 j - 7 scrolls of immolation
 m - 2 scrolls of revelation
 s - 22 scrolls of teleportation
 u - 5 scrolls of vulnerability
 A - 5 scrolls of summoning
 O - 5 scrolls of fog
 S - 2 scrolls of silence
Potions
 d - 15 potions of ambrosia
 e - 5 potions of haste
 h - 13 potions of mutation
 n - 6 potions of cancellation
 v - 21 potions of curing
 x - 10 potions of might
 y - 11 potions of enlightenment
 z - 4 potions of invisibility
 J - 5 potions of magic
 M - 7 potions of heal wounds
 N - 2 potions of berserk rage
 Q - 5 potions of attraction
 Y - 8 potions of lignification
 Z - 5 potions of resistance
Miscellaneous
 b - a tin of tremorstones (2/2)
 r - a box of beasts
 C - a phial of floods
 L - a phantom mirror
 V - a lightning rod (4/4)


   Skills:
 - Level 20.7 Fighting
 - Level 17.8(18.0) Axes
 - Level 2.9(12.0) Maces & Flails
 - Level 5.0 Throwing
 - Level 22.3 Armour
 + Level 7.8 Dodging
 - Level 3.5 Stealth
 - Level 16.0 Shields
 + Level 12.6 Spellcasting
 + Level 22.8 Summonings
 + Level 18.2 Translocations
 - Level 8.7 Earth Magic
 + Level 20.9 Invocations
 - Level 8.0 Evocations


You had 19 spell levels left.
You knew the following spells:

 Your Spells              Type           Power      Damage    Failure   Level
a - Apportation           Tloc           72%        N/A       0%          1
b - Blink                 Tloc           72%        N/A       0%          2
c - Call Canine Familiar  Summ           43%        N/A       0%          3
f - Summon Forest         Summ/Tloc      20%        N/A       1%          5
l - Lesser Beckoning      Tloc           72%        N/A       0%          2
m - Manifold Assault      Tloc           36%        N/A       1%          4
n - Animate Armour        Summ/Erth      64%        N/A       1%          4
p - Passwall              Erth           20%        N/A       1%          3
t - Malign Gateway        Summ/Tloc      20%        N/A       4%          7

Your spell library contained the following spells:

 Spells                   Type           Power      Damage    Failure   Level
 Summon Small Mammal      Summ           100%       N/A       0%          1
 Call Imp                 Summ           86%        N/A       0%          2
 Sandblast                Erth           40%        2d10      1%          1
 Momentum Strike          Conj/Tloc      40%        3d9       1%          2
 Gell's Gravitas          Tloc           36%        N/A       1%          3
 Summon Ice Beast         Ice/Summ       24%        N/A       1%          3
 Teleport Other           Tloc           36%        N/A       1%          3
 Martyr's Knell           Necr/Summ      24%        N/A       1%          4
 Summon Lightning Spire   Summ/Air       24%        N/A       1%          4
 Dispersal                Tloc           18%        N/A       1%          6
 Summon Cactus Giant      Summ           21%        N/A       1%          6
 Summon Hydra             Summ           21%        N/A       1%          7
 Dimensional Bullseye     Hex/Tloc       10%        N/A       5%          4
 Vhi's Electric Charge    Tloc/Air       40%        N/A       5%          4
 Summon Mana Viper        Hex/Summ       24%        N/A       6%          5
 Stone Arrow              Conj/Erth      24%        3d8       12%         3
 Summon Horrible Things   Summ           21%        N/A       13%         8
 Lee's Rapid Deconstruct  Erth           10%        3d8*      19%         5
 Foxfire                  Conj/Fire      20%        2x1d5     24%         1
 Kiss of Death            Conj/Necr      20%        2d7       24%         1
 Magic Dart               Conj           20%        1d4       24%         1
 Shock                    Conj/Air       20%        1d4       24%         1
 Sting                    Conj/Alch      20%        1d4       24%         1
 Cigotuvi's Dreadful Rot  Necr/Alch/Air  10%        N/A       36%         2
 Ensorcelled Hibernation  Hex/Ice        10%        N/A       36%         2
 Jinxbite                 Hex            10%        N/A       36%         2
 Sublimation of Blood     Necr           5%         N/A       36%         2
 Brom's Barrelling Bould  Conj/Erth      12%        2d4       38%         4
 Fugue of the Fallen      Necr           5%         N/A       61%         3
 Hailstorm                Conj/Ice       5%         3d5       61%         3
 Mephitic Cloud           Conj/Alch/Air  5%         N/A       61%         3
 Ozocubu's Armour         Ice            5%         N/A       61%         3
 Sigil of Binding         Hex            5%         N/A       61%         3
 Swiftness                Air            5%         N/A       61%         3
 Disjunction              Tloc           18%        N/A       67%         8
 Haunt                    Necr/Summ      12%        N/A       90%         7
 Dragon's Call            Summ           21%        N/A       92%         9
 Airstrike                Air            2%         2d(1-17)  95%         4
 Anguish                  Hex/Necr       2%         N/A       95%         4
 Animate Dead             Necr           5%         N/A       95%         4
 Cause Fear               Hex            2%         N/A       95%         4
 Dispel Undead            Necr           5%         3d7       95%         4
 Flame Wave               Conj/Fire      5%         2d5       95%         4
 Ignite Poison            Fire/Alch      5%         N/A       95%         4
 Olgreb's Toxic Radiance  Alch           5%         N/A       95%         4
 Alistair's Intoxication  Alch           3%         N/A       100%        5
 Arcjolt                  Conj/Air       2%         1d12      100%        5
 Fireball                 Conj/Fire      2%         3d4       100%        5
 Freezing Cloud           Conj/Ice/Air   2%         6-21      100%        5
 Conjure Ball Lightning   Conj/Air       2%         3x3d6     100%        6
 Death Channel            Necr           2%         N/A       100%        6
 Plasma Beam              Fire/Air       2%         2x1d12    100%        6
 Sculpt Simulacrum        Ice/Alch       2%         N/A       100%        6
 Starburst                Conj/Fire      2%         6d3       100%        6
 Enfeeble                 Hex            2%         N/A       100%        7
 Ozocubu's Refrigeration  Ice            2%         4d8       100%        7
 Borgnjor's Revivificati  Necr           2%         N/A       100%        8
 Discord                  Hex            2%         N/A       100%        8
 Infestation              Necr           2%         N/A       100%        8
 Death's Door             Necr           2%         N/A       100%        9
 Polar Vortex             Ice            2%         N/A       100%        9


Dungeon Overview and Level Annotations

Branches:
Dungeon (15/15)            Temple (1/1) D:4            Lair (5/5) D:11
  Swamp (4/4) Lair:3       Spider (4/4) Lair:3        Slime (5/5) Lair:4
    Orc (2/2) D:10            Elf (3/3) Orc:2        Vaults (4/5) D:13
  Crypt (0/3) Vaults:2     Depths (4/4) D:15            Zot (5/5) Depths:4
 Bailey (visited)          WizLab (visited)

Altars:
Ashenzari
Cheibriados
Dithmenos
Elyvilon
Fedhas
Gozag
Hepliaklqana
Kikubaaqudgha
Makhleb
Nemelex Xobeh
Okawaru
Qazlal
Ru
Sif Muna
Trog
Uskayaw
Vehumet
Wu Jian
Xom
Yredelemnul
Zin
The Shining One
Beogh

Shops:
D:6 *   D:12 *   Orc:2 ([?:*   Elf:3 (!!   Vaults:4 :   Depths:1 ==:
Depths:3 !   Depths:4 *

Portals:
Hell: Depths:1 Depths:2 Depths:3 Depths:4
Abyss: Depths:2 Depths:3
Pandemonium: Orc:2 Depths:2 Depths:3

Annotations:
Swamp:3 dig
Depths:1 exclusion: shining eye
Abyss:1 Arachne; Mara; Maurice; Prince Ribbit; Vaixt's ghost, adept DsGl; Zenata; patfeehan111222's ghost, journeyman MiBe


Innate Abilities, Weirdness & Mutations

Your spellcasting is much less encumbered by armour.
You can use scrolls of enchantment on lesser artefacts.
You have a pair of small antennae on your head.
You have large cloven feet.
You are agile. (Dex +4, Str/Int -1)
Armour fits poorly on your strangely shaped body.
Your body sometimes deteriorates upon taking damage.
You are dopey. (Int -2)
Your flesh is heat resistant. (rF+)
You are frail. (-10% HP)
You are strong-willed. (Will+)
You occasionally shout uncontrollably at your foes.
Your spells are a little easier to cast, but a little less powerful.


Message History

There is a stone staircase leading down here.
A seraph comes into view.
It is wielding a +4 great sword of flaming.
The seraph shouts a warning to its allies!
You feel yourself speed up.
The seraph gestures.
You hear a shout!
The cherub dissolves into sparkling lights!
The seraph gestures.
The seraph begins to accept its allies' injuries.
The seraph shouts a warning to its allies!
A daeva comes into view.
It is wielding a +2 scimitar of holy wrath and wearing the +0 tower shield of the Salmon {Slay+3 Stlth+}.
You yell at the daeva!
You hear a shout!
The daeva calls down the wrath of the Shining One upon you.
The Shining One smites you!
You hear a roar.
Casting: Animate Armour (safe; 1% risk of failure)
Confirm with . or Enter, or press ? or * to list all spells.
Aiming: Passwall (safe; 1% risk of failure)
Press: ? - help, Dir - move target A rock wall.
This square is lit by a halo and is covered in magical glow.
You hear a shout!
You begin to meditate on the wall.
You continue meditating on the rock.
The angel is engulfed in freezing vapours.
You block the angel's attack.
Your shield discharges, shocking the angel!
The angel resists.
You block the angel's attack.
You continue meditating on the rock.
You block the angel's attack. The angel hits you but does no damage.
You finish merging with the rock.
Blink to where?
Press: ? - help, Dir - move target
As you read the scroll of blinking, it crumbles to dust.
The cherub's lion head roars!
You hear a shout!
The cherub unwields a +1 falchion of flaming.
It stops flaming.
The cherub wields a +0 shortbow.
The cherub shoots an arrow.
You block the arrow.
You have escaped!

...........###.##.#
#.#.## #..........#
#.##.# #..#.##
#.##.#####.###.##.#
#.###.# #.##.###
#........# #..#.##
#.##...############
#.#.## #......#ß≈≈≈§≈≈≈ß#
#.#.# .....#)#.........#
#.#.# .....#.#......°..#
#.#.# .#...#.'....ß...@#
#.#.# .#...#.A....ß....#
#.#.# .....#A#A.......○#
#.#.# .#...#.#...A.....#
#.#.# .#.....#ß≈≈§≈≈≈≈ß#
#.#.#
†###...##############.#.#
.###..A#....#.......#.#.#
.......#A.......>.#.#.#.#
.##......####.##.##.....#


You could see a cherub (summoned, sheltered).

Vanquished Creatures
  the Royal Jelly (Slime:5)
  2 dread liches
  2 orbs of fire (Zot:5)
  2 Killer Klowns (Zot:5)
  the Lernaean hydra (Swamp:3)
  A caustic shrike (Depths:3)
  2 curse toes
  6 golden dragons
  A Hellbinder (WizLab)
  2 electric golems
  Jorgrun (D:15)
  15 Orb Guardians
  A hellephant (Depths:1)
  An Ice Fiend (Depths:1)
  5 tentacled monstrosities
  A walking earthen tome (Depths:3)
  10 quicksilver dragons
  2 liches
  A walking frostbound tome (Depths:3)
  Asterion (Spider:3)
  A titan (Depths:3)
  2 deep elf master archers (Elf:3)
  2 deep elf blademasters
  2 sphinxes
  23 acid blobs
  3 Executioners
  3 death cobs
  4 shadow dragons
  10 storm dragons
  Roxanne (D:15)
  4 tengu reavers
  13 rockslimes
  3 fenstrider witches (Swamp:3)
  2 draconian knights
  3 protean progenitors
  10 azure jellies
  5 vault wardens
  8 fire giants
  2 iron dragons
  4 deep elf sorcerers (Elf:3)
  4 draconian monks
  3 frost giants (Depths:3)
  6 emperor scorpions
  4 draconian shifters
  3 ghost moths
  A balrug (Orc:1)
  A caustic shrike zombie (Depths:3)
  3 deep elf elementalists
  3 ghouls (Swamp:3)
  2 cacodemons (WizLab)
  A draconian stormcaller (Zot:3)
  4 orc warlords
  A spriggan defender (Depths:3)
  2 draconian scorchers
  A broodmother (Spider:3)
  10 ironbound preservers
  2 formless jellyfish
  7 draconian annihilators
  3 very ugly things (Depths:1)
  4 ironbound thunderhulks
  3 stone giants
  7 quicksilver oozes
  11 green draconians
  5 deep elf demonologists
  An elemental wellspring (Depths:2)
  2 eleionomae
  2 deep elf death magi
  Azrael (D:13)
  7 red draconians
  14 black draconians
  9 white draconians
  6 dire elephants
  19 purple draconians
  7 deep elf annihilators
  6 spark wasps
  A bunyip (Swamp:2)
  A war gargoyle (Vaults:3)
  5 yellow draconians
  3 ettins
  A green death (WizLab)
  A blizzard demon (WizLab)
  8 fire dragons
  A crystal guardian (Vaults:4)
  12 yaktaur captains
  Harold (D:9)
  Josephine (D:12)
  A shambling mangrove (Swamp:2)
  Fannar (Lair:2)
  3 entropy weavers
  5 deep elf high priests
  3 rakshasas
  A peacekeeper (Vaults:3)
  A hell beast (WizLab)
  6 great orbs of eyes
  6 hydras
  6 ice dragons
  A jorogumo (Spider:3)
  An ogre mage (Vaults:2)
  2 radroaches (Spider:3)
  6 vault guards
  3 ghost crabs
  4 spriggan air magi
  9 centaur warriors
  9 ironbound frosthearts
  2 alligators
  A two-headed ogre (shapeshifter) (Depths:2)
  20 dancing weapons
  A spriggan skeleton (Depths:3)
  3 boulder beetles
  6 two-headed ogres
  A vampire mage (Depths:2)
  3 tengu warriors
  3 deep troll shamans (Depths:3)
  5 deep troll earth magi
  3 hell hogs (Depths:1)
  4 demonic crawlers
  A spriggan berserker (Depths:4)
  7 hell knights
  5 orc high priests (Orc:2)
  A sun demon (Depths:3)
  15 deep elf knights
  5 pharaoh ants
  3 skeletal warriors
  A skyshark (shapeshifter) (Depths:3)
  A sea snake (shapeshifter) (Depths:3)
  7 goliath frogs
  An orange crystal statue (Elf:2)
  10 orb spiders
  20 deep trolls
  2 iron trolls
  An arcanist (Vaults:4)
  A sun moth (Spider:4)
  2 shadow demons
  9 swamp dragons
  4 spriggan druids
  A mana viper (shapeshifter) (Elf:3)
  4 thermic dynamos
  Pikel (D:6)
  2 flayed ghosts
  11 deep elf archers
  3 glowing orange brains
  11 ironbound convokers
  11 harpies (Vaults:2)
  A steelbarb worm (shapeshifter) (Depths:3)
  A lindwurm (Lair:1)
  7 bog bodies
  14 orc knights
  30 deep elf zephyrmancers
  An elf skeleton (Vaults:1)
  10 steelbarb worms
  22 deep elf pyromancers
  A nameless horror (Zot:5)
  17 wolf spiders
  2 shining eyes
  8 orc sorcerers
  10 necromancers
  8 ugly things
  A cyclops (D:15)
  3 manticores
  34 moths of wrath
  5 will-o-the-wisps
  11 elephants (Lair:5)
  A stone giant skeleton (Vaults:2)
  A water nymph (shapeshifter) (Depths:4)
  3 meliai
  14 vault sentinels
  3 kobold blastminers (Orc:2)
  2 eyes of devastation (Slime:5)
  2 water nymphs (Depths:2)
  2 black mambas
  2 orange demons (WizLab)
  3 rust devils
  4 torpor snails
  Joseph (D:7)
  5 smoke demons
  Maggie (D:6)
  A gargoyle (D:13)
  2 unseen horrors (D:11)
  3 large abominations (Zot:2)
  5 cane toads
  Jeremiah (D:6)
  A rime drake (Lair:5)
  2 efreet (D:14)
  3 tormentors
  A komodo dragon (shapeshifter) (Elf:3)
  4 human skeletons
  5 komodo dragons
  A yaktaur skeleton (Vaults:1)
  28 yaktaurs
  3 red devils
  6 tengu conjurers
  A queen bee (Lair:4)
  2 bloated husks
  14 hornets
  8 tyrant leeches
  18 tarantellas
  5 trolls
  Grinder (D:3)
  7 polar bears
  A raiju (D:11)
  16 blink frogs
  A glass eye (Depths:3)
  34 jumping spiders
  3 air elementals
  A centaur simulacrum (D:13)
  111 slime creatures
  A shadow (D:9)
  16 culicivoras
  17 spriggans
  4 wyverns
  A yak (shapeshifter) (D:13)
  5 fire elementals
  7 wraiths
  A water elemental (Elf:3)
  60 yaks
  5 basilisks
  3 vampire mosquitoes
  2 wargs (D:15)
  8 golden eyes
  5 steam dragons (D:9)
  A hog (D:14)
  18 redbacks
  A yaktaur simulacrum (Vaults:2)
  26 swamp worms
  Menkaure (D:4)
  5 acid dragons
  11 water moccasins
  5 hell hounds
  8 swamp drakes
  A sky beast (D:8)
  2 laughing skulls (D:13)
  33 orc warriors
  3 black bears
  16 ogres
  An ice beast (D:7)
  28 wolves
  5 boggarts (Lair:5)
  17 centaurs
  2 lemures (D:6)
  2 elf simulacra
  2 kobold brigands
  2 human zombies
  5 bullfrogs
  4 earth elementals
  2 gnoll sergeants
  2 scorpions (D:5)
  5 wights
  A hornet simulacrum (D:14)
  25 killer bees
  2 human simulacra (Vaults:2)
  4 electric eels
  4 howler monkeys
  3 jellies
  A lava snake (D:10)
  Crazy Yiuf (D:6)
  28 orc priests
  A gnoll bouda (D:4)
  4 hounds
  2 iguanas
  Terence (D:2)
  24 orc wizards
  A sleepcap (D:6)
  Natasha (thrice) (D:2)
  5 hell rats (Lair:4)
  16 gnolls
  6 adders
  A shadow imp (D:7)
  3 white imps
  6 ufetubi
  3 ribbon worms
  3 dart slugs
  98 orcs
  4 ball pythons
  6 endoplasms
  A giant cockroach (D:5)
  9 goblins
  9 hobgoblins
  8 jackals
  3 quokkas (D:2)
  4 bats (D:3)
  5 frilled lizards
  25 kobolds
  4 rats
  An aspiring flesh (Zot:5)
  A snaplasher vine (Zot:1)
  A spectral weapon (Elf:2)
1812 creatures vanquished.

Vanquished Creatures (collateral kills)
  2 dread liches
  4 orbs of fire
  A pandemonium lord (D:3)
  An ancient lich (Zot:5)
  3 juggernauts
  Parghit (Depths:3)
  A Killer Klown (Zot:5)
  A curse toe (Zot:5)
  A caustic shrike (Depths:3)
  7 golden dragons
  A profane servitor (Depths:1)
  A walking crystal tome (Depths:3)
  2 tentacled monstrosities (Zot:5)
  An electric golem (Zot:5)
  6 Orb Guardians (Zot:5)
  A lich (Depths:1)
  2 acid blobs
  A deep elf blademaster (Elf:3)
  A quicksilver dragon (Depths:4)
  A sphinx (Vaults:3)
  3 death cobs
  An eldritch tentacle (Zot:5)
  4 storm dragons
  4 shadow dragons
  Kirke (D:14)
  A fenstrider witch (Swamp:1)
  3 draconian shifters
  3 rockslimes
  A draconian monk (Zot:1)
  A protean progenitor (Zot:5)
  An emperor scorpion (Spider:4)
  A balrug (WizLab)
  Louise (Elf:1)
  An orc warlord (Vaults:3)
  2 deep elf elementalists
  3 deep elf sorcerers (Elf:3)
  A draconian scorcher (Zot:4)
  2 ghost moths
  2 reapers (D:3)
  A very ugly thing (Depths:1)
  A spriggan defender (Depths:3)
  A formless jellyfish (Vaults:1)
  A stone giant (Depths:3)
  A deep elf demonologist (Elf:3)
  An ironbound preserver (Vaults:1)
  2 green draconians
  An elemental wellspring (Depths:2)
  An eleionoma (Swamp:2)
  2 dire elephants
  3 red draconians
  4 deep elf annihilators
  7 black draconians
  2 yellow draconians
  3 deep elf death magi (Elf:3)
  5 purple draconians
  A spark wasp (Depths:1)
  4 white draconians
  A green death (WizLab)
  An ettin (Depths:1)
  An entropy weaver (Spider:2)
  A yaktaur captain (Vaults:3)
  A hell beast (WizLab)
  2 ice dragons
  A salamander tyrant (Depths:2)
  2 great orbs of eyes
  A vault guard (Vaults:4)
  An alligator (Swamp:1)
  18 hydras
  A peacekeeper (Vaults:4)
  A ghost crab (Swamp:3)
  A radroach (Spider:1)
  3 boulder beetles
  A hell hog (Depths:1)
  2 dancing weapons (Elf:2)
  A demonic crawler (Spider:2)
  A spriggan berserker (Depths:3)
  2 sun demons (WizLab)
  A deep elf knight (Elf:2)
  6 hell knights
  A sixfirhy (WizLab)
  A death drake (Swamp:3)
  2 swamp dragons (Swamp:4)
  An arcanist (Vaults:3)
  A steelbarb worm (Spider:4)
  A bog body (Swamp:3)
  2 deep trolls
  An obsidian statue (Zot:5)
  3 necromancers
  4 orc knights
  An ironbound convoker (Vaults:2)
  4 deep elf zephyrmancers
  4 wolf spiders
  A shining eye (Slime:5)
  A fire giant zombie (Vaults:4)
  An orc sorcerer (Vaults:2)
  A cyclops (D:13)
  2 ugly things
  3 moths of wrath
  A will-o-the-wisp (Swamp:4)
  2 human zombies
  3 vault sentinels
  A rust devil (WizLab)
  An orange demon (Orc:2)
  2 eyes of devastation
  A yaktaur (Vaults:2)
  3 tyrant leeches
  A troll (D:10)
  8 hornets
  2 tarantellas
  A blink frog (Lair:5)
  17 slime creatures
  3 jumping spiders
  A culicivora (Spider:3)
  8 spriggans
  A hog (D:14)
  3 yaks
  A neqoxec (Orc:2)
  A redback (Vaults:3)
  4 vampire mosquitoes
  3 swamp worms
  A swamp drake (Swamp:4)
  A kobold brigand (D:10)
  A gnoll sergeant (D:10)
  A gnoll (D:10)
  An orc (D:10)
  An aspiring flesh (Zot:5)
275 creatures vanquished.

Vanquished Creatures (others)
  17 eldritch tentacles
  A draconian monk (Zot:4)
  A balrug (WizLab)
  2 black draconians
  A lorocyproca (WizLab)
  A yellow draconian (Zot:1)
  A deep elf annihilator (Elf:3)
  A white draconian (Depths:4)
  A hydra (D:14)
  6 deep elf knights
  3 deep elf pyromancers
  A manticore (D:14)
  An ugly thing (D:13)
  5 bloated husks (Swamp:3)
  A shadow (D:13)
  An air elemental (Elf:1)
  2 humans (D:14)
  A swamp worm (Swamp:3)
  A centaur (D:13)
  An orc wizard (D:13)
  22 foxfires
71 creatures vanquished.

Grand Total: 2158 creatures vanquished

Notes
Turn   | Place    | Note
-------+----------+-------------------------------------------
     0 | D:1      | Daunt the Mountain Dwarf Monk began the quest for the Orb.
     0 | D:1      | Reached XP level 1. HP: 19/19 MP: 1/1
   457 | D:1      | Reached XP level 2. HP: 24/26 MP: 2/2
   842 | D:2      | Reached XP level 3. HP: 10/31 MP: 3/3
   965 | D:2      | Reached skill level 5 in Axes
  1320 | D:2      | Noticed Natasha
  1346 | D:2      | Killed Natasha
  1347 | D:2      | Reached XP level 4. HP: 31/39 MP: 4/4
  1558 | D:2      | Noticed Natasha
  1569 | D:2      | Killed Natasha
  1921 | D:2      | Noticed Natasha
  1932 | D:2      | Killed Natasha
  1933 | D:2      | Reached XP level 5. HP: 29/46 MP: 5/5
  2244 | D:3      | Noticed an ogre
  2761 | D:3      | Noticed Terence
  2788 | D:2      | Killed Terence
  3129 | D:4      | Noticed Menkaure
  3140 | D:4      | Killed Menkaure
  3141 | D:4      | Reached XP level 6. HP: 17/53 MP: 6/6
  3473 | D:4      | Reached skill level 1 in Maces & Flails
  3554 | D:4      | Reached skill level 5 in Fighting
  3908 | D:4      | Reached XP level 7. HP: 53/61 MP: 7/7
  3980 | D:4      | Reached skill level 1 in Armour
  4270 | D:4      | Found a staircase to the Ecumenical Temple.
  4274 | Temple   | Entered the Ecumenical Temple
  4298 | Temple   | Became a worshipper of Qazlal Stormbringer
  4298 | Temple   | Reached * piety under Qazlal
  4298 | Temple   | Reached ** piety under Qazlal
  4628 | D:4      | Found a white marble altar of Elyvilon.
  4648 | D:5      | Entered Level 5 of the Dungeon
  4652 | D:5      | Found a sacrificial altar of Ru.
  4728 | D:5      | Reached skill level 1 in Throwing
  5175 | D:5      | Reached XP level 8. HP: 83/83 MP: 7/14
  5283 | D:5      | Reached XP level 9. HP: 82/90 MP: 15/15
  5547 | D:5      | Found a shadowy altar of Dithmenos.
  5797 | D:3      | Noticed Grinder
  5807 | D:3      | Killed Grinder
  6148 | D:3      | Found an iron altar of Okawaru.
  6157 | D:3      | Found a basalt altar of Yredelemnul.
  6388 | D:6      | Noticed Maggie
  6397 | D:6      | Killed Maggie
  6535 | D:6      | Found Bumosmots's General Store.
  6609 | D:6      | Bought a scroll of identify for 20 gold pieces
  6609 | D:6      | Bought a potion of curing for 30 gold pieces
  6609 | D:6      | Bought a scroll of immolation for 40 gold pieces
  6614 | D:6      | Bought a +3 scale mail for 210 gold pieces
  6633 | D:6      | Noticed Jeremiah
  6652 | D:6      | Killed Jeremiah
  6752 | D:6      | Reached *** piety under Qazlal
  6925 | D:6      | Noticed Pikel
  6944 | D:6      | Killed Pikel
  6945 | D:6      | Reached skill level 10 in Axes
  7212 | D:6      | Found a runed translucent door.
  7213 | D:6      | Noticed Crazy Yiuf
  7223 | D:6      | Killed Crazy Yiuf
  7432 | D:7      | Reached XP level 10. HP: 80/97 MP: 16/16
  7566 | D:7      | Identified the +0 pair of boots of the Bespelling Gods
                  | {-Tele rPois Int+3}
  7571 | D:7      | Found a flagged portal.
  7628 | Bailey   | Entered a bailey
  7634 | Bailey   | Noticed an orc knight
  7634 | Bailey   | Noticed an orc knight
  7797 | Bailey   | Killed an orc knight
  7998 | Bailey   | Killed an orc knight
  8556 | D:7      | Noticed Joseph
  8568 | D:7      | Killed Joseph
  8791 | D:7      | Found a blossoming altar of Fedhas.
  8946 | D:8      | Noticed Prince Ribbit
  8951 | D:8      | Banished Prince Ribbit
  9079 | D:8      | Reached **** piety under Qazlal
  9158 | D:8      | Found a snail-covered altar of Cheibriados.
  9159 | D:8      | Found a sparkling altar of Nemelex Xobeh.
  9287 | D:8      | Found a bloodstained altar of Trog.
  9569 | D:9      | Found an ancient bone altar of Kikubaaqudgha.
  9688 | D:9      | Found the +5 robe of Misfortune {Harm *Corrode *Slow EV+5}
  9690 | D:9      | Reached XP level 11. HP: 104/104 MP: 17/17
  9777 | D:9      | Found a hazy altar of Hepliaklqana.
  9785 | D:9      | Reached skill level 1 in Shields
  9785 | D:9      | Noticed Harold
  9803 | D:9      | Killed Harold
 10122 | D:9      | Reached skill level 5 in Shields
 10211 | D:9      | Reached skill level 1 in Evocations
 10656 | D:10     | Entered Level 10 of the Dungeon
 10728 | D:10     | Identified the +3 dagger of Resourcefulness {flame, Str+2
                  | Dex+5}
 10797 | D:10     | Reached ***** piety under Qazlal
 10989 | D:10     | Reached skill level 5 in Evocations
 11025 | D:10     | Reached skill level 5 in Armour
 11132 | D:10     | Noticed a four-headed hydra
 11145 | D:10     | Killed a six-headed hydra
 11480 | D:10     | Found a staircase to the Orcish Mines.
 11726 | D:11     | Noticed a two-headed ogre
 11898 | D:11     | Killed a two-headed ogre
 11899 | D:11     | Reached XP level 12. HP: 112/112 MP: 18/18
 11941 | D:11     | Found a staircase to the Lair.
 12072 | D:11     | Noticed a two-headed ogre
 12081 | D:11     | Banished a two-headed ogre
 12138 | D:11     | Found a runed translucent door.
 12147 | D:11     | Noticed a spark wasp
 12149 | D:11     | Noticed a spriggan air mage
 12161 | D:11     | Found a runed translucent door.
 12167 | D:11     | Noticed a storm dragon
 12167 | D:11     | Noticed a spark wasp
 12167 | D:11     | Noticed a spark wasp
 12253 | D:11     | Found a runed translucent door.
 12349 | D:11     | Found a runed translucent door.
 12357 | D:11     | Found the +5 Storm Queen's Shield {shock, Fly rElec}
 12502 | Lair:1   | Entered Level 1 of the Lair of Beasts
 12785 | Lair:1   | Reached skill level 10 in Armour
 13798 | Lair:2   | Noticed Fannar
 13811 | Lair:2   | Killed Fannar
 14087 | Lair:2   | Noticed an eight-headed hydra
 14184 | Lair:2   | Banished a ten-headed hydra
 14240 | Lair:2   | Noticed an eight-headed hydra
 14251 | Lair:2   | Killed a ten-headed hydra
 14981 | Lair:3   | Reached skill level 1 in Spellcasting
 14981 | Lair:3   | Reached skill level 1 in Translocations
 15038 | Lair:3   | Reached XP level 13. HP: 118/118 MP: 19/19
 15329 | Lair:3   | Found a hole to the Spider Nest.
 15392 | Lair:3   | Reached skill level 1 in Earth Magic
 15449 | Lair:3   | Reached skill level 1 in Summonings
 15478 | Lair:3   | Found a staircase to the Swamp.
 16106 | Lair:4   | Found a staircase to the Slime Pits.
 16510 | Lair:4   | Reached ****** piety under Qazlal
 16967 | Lair:5   | Entered Level 5 of the Lair of Beasts
 17009 | Lair:5   | Learned a level 1 spell: Apportation
 17168 | Lair:5   | Reached skill level 5 in Earth Magic
 17174 | Lair:5   | Reached skill level 5 in Summonings
 17469 | Lair:5   | Learned a level 4 spell: Animate Armour
 17762 | Lair:5   | Reached XP level 14. HP: 86/126 MP: 20/20
 19178 | D:12     | Found Anayqemeipu's Neck Hole.
 19243 | D:12     | Noticed Josephine
 19266 | D:12     | Reached skill level 5 in Spellcasting
 19271 | D:12     | Learned a level 3 spell: Passwall
 19771 | D:12     | Killed Josephine
 20769 | D:12     | Identified the +2 morningstar of Eternity {flame, Str+4}
 21093 | D:13     | Reached skill level 10 in Summonings
 21603 | D:13     | Noticed Azrael
 21607 | D:13     | Killed Azrael
 21608 | D:13     | Reached XP level 15. HP: 116/133 MP: 25/25
 21917 | D:13     | Reached skill level 15 in Axes
 22137 | D:13     | Found a gate to the Vaults.
 22448 | D:14     | Noticed Kirke
 22461 | D:14     | Killed Kirke
 22720 | D:14     | Noticed a sphinx
 22723 | D:14     | Noticed patfeehan111222's ghost (journeyman MiBe)
 22729 | D:14     | Found a runed translucent gate.
 22729 | D:14     | Found a runed translucent gate.
 22729 | D:14     | Found a runed translucent gate.
 22941 | D:14     | Banished patfeehan111222's ghost
 22952 | D:14     | Killed a sphinx
 23241 | D:15     | Entered Level 15 of the Dungeon
 23251 | D:15     | Noticed Jorgrun
 23261 | D:15     | Killed Jorgrun
 23688 | D:15     | Noticed Roxanne
 23733 | D:15     | Found a staircase to the Depths.
 23987 | D:15     | Killed Roxanne
 24100 | Orc:1    | Entered Level 1 of the Orcish Mines
 24104 | Orc:1    | Noticed Maurice
 24106 | Orc:1    | Banished Maurice
 24653 | Orc:1    | Found a roughly hewn altar of Beogh.
 24679 | Orc:1    | Found a runed translucent door.
 25098 | Orc:2    | Entered Level 2 of the Orcish Mines
 25476 | Orc:2    | Found a staircase to the Elven Halls.
 25546 | Orc:2    | Reached skill level 5 in Translocations
 25834 | Orc:2    | Found Ipuredot's Antique Weapon Emporium.
 25842 | Orc:2    | Bought a masterwork broad axe for 261 gold pieces
 25842 | Orc:2    | Identified the +8 broad axe of Slime {protect, rN++} (You
                  | bought it in a shop on level 2 of the Orcish Mines)
 25988 | Orc:2    | Found Volits Peyff's General Store.
 26028 | Orc:2    | Found Niufratt's Magic Scroll Shoppe.
 26056 | Orc:2    | Bought a scroll of vulnerability for 52 gold pieces
 26058 | Orc:2    | Bought a scroll of summoning for 133 gold pieces
 26058 | Orc:2    | Bought 2 scrolls of identify for 56 gold pieces
 26268 | Orc:2    | Reached XP level 16. HP: 139/139 MP: 26/26
 26436 | Orc:2    | Found Mimonan's Antique Armour Shop.
 26436 | Orc:2    | Found Yssesmi's Book Boutique.
 26436 | Orc:2    | Found a one-way gate leading to the halls of Pandemonium.
 26446 | Orc:2    | Bought a pair of runed gloves for 195 gold pieces
 26446 | Orc:2    | Bought a glowing helmet for 195 gold pieces
 26446 | Orc:2    | Bought a brightly glowing cloak for 247 gold pieces
 26446 | Orc:2    | Identified the +0 cloak "Ecoistro" {Rampage Will+++ Dex+2
                  | Stlth-} (You bought it in a shop on level 2 of the Orcish
                  | Mines)
 26481 | Orc:2    | Bought a manual of Invocations for 1120 gold pieces
 26486 | Orc:2    | Learned a level 4 spell: Manifold Assault
 26734 | Spider:1 | Entered Level 1 of the Spider Nest
 26772 | Spider:1 | Reached skill level 10 in Invocations
 28015 | Spider:1 | Learned a level 5 spell: Summon Forest
 28890 | Spider:3 | Noticed Arachne
 28916 | Spider:2 | Banished Arachne
 29295 | Spider:3 | Noticed Asterion
 30248 | Spider:3 | Reached skill level 10 in Translocations
 30398 | Spider:3 | Killed Asterion
 30688 | Spider:3 | Noticed Mara
 30700 | Spider:3 | Banished Mara
 31276 | Spider:4 | Entered Level 4 of the Spider Nest
 31287 | Spider:4 | Reached skill level 15 in Invocations
 31287 | Spider:4 | Reached XP level 17. HP: 146/146 MP: 18/29
 32164 | Spider:4 | Identified the +0 scale mail "Sid Etz" {rElec rPois rC-
                  | Str+4}
 32347 | Spider:4 | Identified the +3 sling of the Insatiable Scars {freeze,
                  | Str-3 Int+4}
 33780 | Spider:4 | Got a gossamer rune of Zot
 34046 | Swamp:1  | Entered Level 1 of the Swamp
 34782 | Swamp:1  | Identified the +6 arbalest "Ogreslayer" {heavy, *Corrode
                  | rF+ Str+4}
 34903 | Swamp:1  | Learned a level 2 spell: Blink
 34906 | Swamp:1  | Learned a level 2 spell: Lesser Beckoning
 35088 | Swamp:1  | Learned a level 3 spell: Call Canine Familiar
 36133 | Swamp:2  | Reached skill level 10 in Shields
 36253 | Swamp:3  | Reached XP level 18. HP: 137/157 MP: 20/31
 37896 | Swamp:4  | Entered Level 4 of the Swamp
 38586 | Swamp:4  | Noticed the 27-headed Lernaean hydra
 38958 | Swamp:3  | Killed the 26-headed Lernaean hydra
 39379 | Swamp:4  | Reached skill level 15 in Shields
 39418 | Swamp:4  | Got a decaying rune of Zot
 39996 | Vaults:1 | Entered Level 1 of the Vaults
 40185 | Vaults:1 | Found a magical portal.
 40220 | Vaults:1 | Noticed Zenata
 40225 | WizLab   | Entered The Hall of the Hellbinder
 40667 | WizLab   | Reached XP level 19. HP: 163/163 MP: 28/32
 40716 | WizLab   | Noticed a dread lich
 40720 | WizLab   | Noticed a dread lich
 40777 | WizLab   | Killed a dread lich
 40912 | WizLab   | Noticed a dread lich
 40930 | WizLab   | Killed a dread lich
 40980 | WizLab   | Found a burning altar of Makhleb.
 40980 | WizLab   | Noticed Iheshr Soarph
 41027 | WizLab   | Noticed a Tzitzimitl
 41033 | WizLab   | Killed Iheshr Soarph the Hellbinder
 41154 | WizLab   | Got the Incunabulum of Allies
 41155 | WizLab   | Identified the +2 leather armour of the Rose {rF+++ Regen+
                  | Slay+2 Stlth-}
 41263 | Vaults:1 | Banished Zenata
 42480 | Vaults:2 | Reached skill level 5 in Dodging
 43073 | Vaults:2 | Found a staircase to the Crypt.
 43073 | Vaults:2 | Found an ancient bone altar of Kikubaaqudgha.
 43079 | Vaults:2 | Found a basalt altar of Yredelemnul.
 43362 | Vaults:2 | Reached skill level 15 in Fighting
 43504 | Vaults:2 | Reached XP level 20. HP: 164/178 MP: 30/33
 45476 | Vaults:4 | Paralysed by a formless jellyfish for 1 turns
 46135 | Vaults:4 | Found Xufrim's Book Boutique.
 46138 | Vaults:4 | Bought a manual of Fighting for 1200 gold pieces
 46768 | Depths:1 | Entered Level 1 of the Depths
 47258 | Depths:1 | Found a snail-covered altar of Cheibriados.
 47402 | Depths:1 | Reached XP level 21. HP: 171/191 MP: 34/34
 47840 | Depths:1 | Found a gateway to Hell.
 47933 | Depths:1 | Found Jaeddamalo's Book Emporium.
 47933 | Depths:1 | Found Ixatezua's Jewellery Shop.
 47934 | Depths:1 | Found Yhyte's Jewellery Shop.
 48544 | Depths:2 | Reached skill level 10 in Spellcasting
 48609 | Depths:2 | Identified the +5 plate armour of the Lost Path {rC+
                  | Stlth+}
 48685 | Depths:2 | Found a one-way gate to the infinite horrors of the Abyss.
 49267 | Depths:3 | Found Gybeec's Distillery.
 49792 | Depths:3 | Reached skill level 5 in Throwing
 49933 | Depths:3 | Noticed a caustic shrike
 49941 | Depths:3 | Killed a caustic shrike
 49957 | Depths:3 | Noticed a juggernaut
 49962 | Depths:3 | Noticed a caustic shrike
 49965 | Depths:3 | Noticed a juggernaut
 49967 | Depths:3 | Killed a juggernaut
 50016 | Depths:3 | Killed a caustic shrike
 50266 | Depths:3 | Noticed a golden dragon
 50432 | Depths:3 | Noticed a juggernaut
 50435 | Depths:3 | Reached skill level 15 in Summonings
 50541 | Depths:3 | Killed a golden dragon
 50684 | Depths:3 | Noticed a golden dragon
 50715 | Depths:2 | Killed a juggernaut
 50843 | Depths:3 | Killed a juggernaut
 51053 | Depths:3 | Reached XP level 22. HP: 168/197 MP: 14/36
 51266 | Depths:3 | Killed a golden dragon
 51522 | Depths:3 | Identified the +8 shortbow of Ibriob {drain, Dex+5}
 51579 | Depths:3 | Identified the +4 plate armour "Arukk" {rElec rC+++ rN++
                  | Str-2}
 51837 | Depths:4 | Entered Level 4 of the Depths
 51913 | Depths:4 | Noticed Parghit
 52065 | Depths:3 | Killed Parghit
 52724 | Depths:4 | Noticed a golden dragon
 52773 | Depths:4 | Killed a golden dragon
 52826 | Depths:4 | Found Jiqian's General Store.
 52965 | Depths:4 | Identified a scroll of acquirement
 52977 | Depths:4 | Acquired the +2 pair of slick slippers {slick, slippery,
                  | EV+4}
 52977 | Depths:4 | Found the +2 pair of slick slippers {slick, slippery, EV+4}
 53120 | Depths:4 | Noticed a golden dragon
 53134 | Depths:4 | Killed a golden dragon
 53305 | Depths:4 | Reached skill level 15 in Armour
 53529 | Depths:4 | Found a gate to the Realm of Zot.
 53530 | Depths:4 | Noticed a golden dragon
 53537 | Depths:4 | Killed a golden dragon
 54252 | Elf:1    | Entered Level 1 of the Elven Halls
 54423 | Elf:1    | Noticed Louise
 54435 | Elf:1    | Killed Louise
 54465 | Elf:1    | Noticed Vaixt's ghost (adept DsGl)
 54594 | Elf:1    | Got the Atlas of Force
 54657 | Elf:1    | Paralysed by an air elemental for 1 turns
 54919 | Elf:1    | Found a runed translucent door.
 55215 | Elf:1    | Banished Vaixt's ghost
 55489 | Elf:2    | Reached XP level 23. HP: 217/217 MP: 38/38
 55642 | Elf:2    | Found an ancient bone altar of Kikubaaqudgha.
 55693 | Elf:2    | Found a runed translucent gate.
 55694 | Elf:2    | Found a runed translucent gate.
 55694 | Elf:2    | Found a runed translucent gate.
 56318 | Elf:3    | Entered Level 3 of the Elven Halls
 56381 | Elf:3    | Found Boaqotsi's Distillery.
 56412 | Elf:3    | Found Gumnex's Distillery.
 56412 | Elf:3    | Found Xuusidu's Antique Weapon Emporium.
 56429 | Elf:3    | Bought a potion of cancellation for 80 gold pieces
 56457 | Elf:3    | Identified the +5 scale mail "Egidut" {Will+}
 56690 | Elf:3    | Identified the +6 plate armour of Midwinter {rF- rC++
                  | Regen+ Int+3}
 56829 | Elf:3    | Identified the staff of Bomaphyf {Conj Fire}
 57087 | Elf:3    | Identified the +1 falchion "Xemuomp" {pain, rN+ Str+5 Int-2
                  | SInv}
 57089 | Elf:3    | Identified the +2 halberd of Fate {flame, rN+ Will+}
 57091 | Elf:3    | Identified the +8 dagger of the Weak God {speed, rF+ rC-
                  | SInv Stlth+}
 57097 | Elf:3    | Got the Vellum of the Commander
 57282 | Elf:3    | Identified the +1 chain mail "Ewoexiqu" {rC- Will++ Dex+3}
 57512 | Orc:2    | Bought a Grand Grimoire for 476 gold pieces
 57520 | Orc:2    | Learned a level 7 spell: Malign Gateway
 58934 | Slime:1  | Entered Level 1 of the Pits of Slime
 59098 | Slime:2  | Gained mutation: You have hidden genetic potential. [a
                  | shining eye]
 59337 | Slime:4  | Reached skill level 15 in Translocations
 59348 | Slime:4  | Reached XP level 24. HP: 198/226 MP: 33/38
 59368 | Slime:5  | Entered Level 5 of the Pits of Slime
 59796 | Slime:5  | Noticed the Royal Jelly
 59821 | Slime:5  | Killed the Royal Jelly
 60059 | Slime:5  | Got a slimy rune of Zot
 60104 | Slime:5  | Found the +2 Maxwell's thermic engine {flame, freeze, rev}
 60129 | Slime:5  | Identified the amulet "Zeynt" {Rampage rElec Regen+}
 60250 | Slime:5  | Identified the +2 orcbow of Malum In Se {elec, Will- rCorr
                  | Int+4 Dex+2}
 60282 | Slime:5  | Identified the staff of Devotion {rF+ Str+3 Int-3 Stlth+
                  | Summ Fire}
 60897 | Elf:3    | Bought a potion of cancellation for 120 gold pieces
 60897 | Elf:3    | Bought a potion of magic for 120 gold pieces
 60897 | Elf:3    | Bought a potion of magic for 120 gold pieces
 60897 | Elf:3    | Bought a potion of mutation for 120 gold pieces
 60897 | Elf:3    | Bought a potion of magic for 120 gold pieces
 62047 | Swamp:3  | Got the Encyclopedia of Theory
 62416 | Zot:1    | Entered Level 1 of the Realm of Zot
 63529 | Zot:2    | Gained mutation: You passively map a small area around you.
                  | [hidden potential]
 64321 | Zot:3    | Noticed an orb of fire
 64331 | Zot:3    | Gained mutation: Armour fits poorly on your strangely
                  | shaped body. [an orb of fire]
 64335 | Zot:3    | Killed an orb of fire
 64891 | Zot:3    | Noticed a Killer Klown
 64892 | Zot:3    | Noticed an orb of fire
 64895 | Zot:3    | Banished a Killer Klown
 64903 | Zot:3    | Killed an orb of fire
 64905 | Zot:3    | Reached XP level 25. HP: 233/233 MP: 29/38
 66938 | Zot:5    | Entered Level 5 of the Realm of Zot
 67009 | Zot:5    | Gained mutation: You have a pair of small antennae on your
                  | head. [hidden potential]
 67009 | Zot:5    | Lost mutation: You have hidden genetic potential. [hidden
                  | potential expressed]
 67539 | Zot:5    | Noticed an orb of fire
 67553 | Zot:5    | Gained mutation: You have large cloven feet. [an orb of
                  | fire]
 67554 | Zot:5    | Gained mutation: You are occasionally teleported next to
                  | monsters. [an orb of fire]
 67559 | Zot:5    | Killed an orb of fire
 67585 | Zot:5    | Lost mutation: You passively map a small area around you.
                  | [potion of mutation]
 67585 | Zot:5    | Lost mutation: You are occasionally teleported next to
                  | monsters. [potion of mutation]
 67585 | Zot:5    | Gained mutation: You are agile. (Dex +4, Str/Int -1)
                  | [potion of mutation]
 67585 | Zot:5    | Gained mutation: Your flesh is heat resistant. (rF+)
                  | [potion of mutation]
 67585 | Zot:5    | Gained mutation: You are strong-willed. (Will+) [potion of
                  | mutation]
 67820 | Zot:5    | Noticed a Killer Klown
 67829 | Zot:5    | Banished a Killer Klown
 67852 | Zot:5    | Noticed a dread lich
 67868 | Zot:5    | Killed a dread lich
 67947 | Zot:5    | Noticed a dread lich
 67947 | Zot:5    | Noticed a Killer Klown
 67953 | Zot:5    | Killed a Killer Klown
 67957 | Zot:5    | Noticed an orb of fire
 67958 | Zot:5    | Noticed an orb of fire
 67960 | Zot:5    | Killed a dread lich
 67961 | Zot:5    | Noticed an orb of fire
 67962 | Zot:5    | Gained mutation: You occasionally shout uncontrollably at
                  | your foes. [an orb of fire]
 67963 | Zot:5    | Noticed a Killer Klown
 67964 | Zot:5    | Gained mutation: Your body sometimes deteriorates upon
                  | taking damage. [an orb of fire]
 68148 | Zot:5    | Gained mutation: You are dopey. (Int -2) [an orb of fire]
 68151 | Zot:5    | Banished an orb of fire
 68152 | Zot:5    | Reached XP level 26. HP: 242/242 MP: 16/38
 68283 | Zot:5    | Gained mutation: You are frail. (-10% HP) [an orb of fire]
 68288 | Zot:5    | Killed an orb of fire
 68290 | Zot:5    | Killed an orb of fire
 68291 | Zot:5    | Reached skill level 1 in Stealth
 68637 | Zot:5    | Noticed an orb of fire
 68662 | Zot:5    | Killed an orb of fire
 68749 | Zot:5    | Noticed an ancient lich
 68754 | Zot:5    | Killed an ancient lich
 68993 | Zot:5    | Noticed an orb of fire
 68998 | Zot:5    | Gained mutation: Your spells are a little easier to cast,
                  | but a little less powerful. [an orb of fire]
 69001 | Zot:5    | Banished an orb of fire
 69669 | Zot:5    | Got the Orb of Zot
 69950 | Depths:2 | Noticed Zoles the pandemonium lord
 70011 | D:15     | Noticed Tuureg the pandemonium lord
 70220 | D:3      | Noticed Pymen the pandemonium lord
 70256 | D:3      | Killed Pymen the pandemonium lord
 70353 | D:1      | Noticed a seraph
 70356 | D:1      | Identified the +0 tower shield of the Salmon {Slay+3
                  | Stlth+}
 70366 | D:$      | Escaped with the Orb!

Illustrated notes

Levels and vault maps discovered:
D:1:      lightli_arrival_noodles, layout_loops_ring, serial_glass,
          glass_columns_c, glass_columns_b, glass_columns_a,
          minmay_misc_feat_room
D:2:      layout_loops_corners, uniq_natasha
D:3:      layout_basic, mainiacjoe_overflow_swirl, chequers_serial_rivers_marsh,
          minmay_surrounded, uniq_grinder, uniq_terence
D:4:      layout_basic, kennysheep_mini_moat, minmay_temple_entry_trees,
          uniq_menkaure
D:5:      layout_cave_pools, nicolae_ru_great_annihilating_truth,
          nicolae_dithmenos_through_a_glass_darkly
D:6:      layout_loops_ring, serial_shops, nicolae_diamond_shop,
          uniq_crazy_yiuf_cottage, uniq_jeremiah, uniq_pikel, uniq_maggie
D:7:      layout_rooms, kennysheep_mini, enter_bailey_4, uniq_joseph
D:8:      layout_rooms, overflow_temple_1_default,
          nicolae_overflow_two_pavilions, uniq_prince_ribbit1
D:9:      minmay_razor_zed, layout_loops_cross,
          nicolae_hepliaklqana_hazy_memory, mainiacjoe_overflow_brackets,
          chequers_serial_rivers_small_3, kennysheep_generic_room_9, uniq_harold
D:10:     layout_cave_pools, kennysheep_orc_monster_closet_entryway,
          kennysheep_opposing_triangles
D:11:     layout_rooms, erik_lair_orcish_takeover,
          nicolae_guarded_unrand_storm_shield
D:12:     minmay_elf_outpost, layout_loops_ring, special_room
          [special_room_orc], nicolae_shop_sticking_my_neck_out, uniq_josephine
D:13:     layout_roguey, david_vaults_5, uniq_azrael
D:14:     layout_rooms, gammafunk_ghost_split, grunt_tough_drop, uniq_kirke
D:15:     hellmonk_depths_entry_around_the_bend, layout_rooms,
          chequers_serial_rivers_large_a, uniq_roxanne, uniq_jorgrun
Temple:   minmay_temple_curvy_loop
Lair:1:   layout_layer_cave
Lair:2:   layout_gridlike, st_stairs_7, uniq_fannar
Lair:3:   layout_roguey, nicolae_swamp_entry_splash_gauntlet,
          spider_nest_entry_rubble, lemuel_old_faithful
Lair:4:   layout_roguey [special_room_bee], slime_entry_1, serial_bayou_shore_b,
          infiniplex_staircase_pool
Lair:5:   minmay_lair_end_enchanted_forest, layout_cave_pods,
          serial_bayou_shore_a
Swamp:1:  layout_basic_swamp, nicolae_swamp_small_spring, grunt_witch_cave,
          nicolae_swamp_tree_isthmus
Swamp:2:  layout_falls_marsh, serial_swamp_ruin, evilmike_swamp_ruin_rubble_2,
          evilmike_swamp_ruin_house_4, evilmike_swamp_ruin_house_3
Swamp:3:  regret_index_all_hallows'_manor, layout_falls_marsh,
          nicolae_swamp_orc_logging_accident, swamp_pool_1_2
Swamp:4:  swamp_old_school, layout_basic_swamp
Spider:1: layout_cave_pods, nicolae_spider_twisty_arc_passages
Spider:2: layout_spider_delve, special_room
Spider:3: layout_spider_delve, guppyfry_hornet_nest,
          hangedman_spider_tarantella_strand, uniq_asterion, uniq_mara,
          uniq_arachne
Spider:4: guppyfry_spider_rune, nicolae_spider_bug_shape
Slime:1:  layout_caves
Slime:2:  cheibrodos_slime_lost_civilization_8, layout_caves
Slime:3:  layout_caves, special_room [special_room_jelly]
Slime:4:  layout_caves, nicolae_slime_rock_hall_of_fame
Slime:5:  slime_pit_nicolae_trefoil
Orc:1:    dreamdust_dug_too_deep, layout_diamond_mine, lemuel_statue_altar,
          uniq_maurice
Orc:2:    pf_orc_diabolical, layout_caves, serial_shops, shop
Elf:1:    elf_arrival_002, layout_loops_cross, hellmonk_ghost_big_iron,
          minmay_elf_annihilation, uniq_louise
Elf:2:    nicolae_elf_blades_crystal_corner, layout_geoelf_diagonals,
          basic_altar, minivault_11, minivault_16
Elf:3:    grunt_elf_hall_branching, layout_geoelf_diagonals, serial_shops,
          nicolae_shop_waterfront, minmay_shoptagon
Vaults:1: lightli_enter_wizlab_magi_temple, nicolae_vaults_closet_pinwheel_3,
          v_pattern_2, v_alt_pattern_4, vaults_room_fancy_cross,
          nicolae_vaults_halls_meeting, nicolae_vaults_turnstiles,
          ontoclasm_vaults_twist, vaults_room_pool, layout_vaults_chaotic_city,
          uniq_zenata
Vaults:2: nicolae_vaults_variable_pillar_hall, nicolae_vaults_trapezoid_2,
          ontoclasm_vaults_ring_large, minmay_crypt_entry_necro_gods,
          nicolae_vaults_meiosis, nicolae_vaults_tetromino_Z_1, v_rooms_1,
          nicolae_vaults_stairing_the_circle, minmay_orc_keep,
          nicolae_vaults_ring_of_whatevers, v_misc_28,
          nicolae_vaults_big_angled_halls, nicolae_vaults_alarming,
          nicolae_vaults_antechamber_and_loot_room, layout_vaults_ring
Vaults:3: nicolae_vaults_shrinking_rooms_2, nicolae_vaults_two_Ls, v_misc_24,
          ontoclasm_vaults_ligature, vaults_dpeg_emergency_exit,
          nicolae_vaults_six-pack, v_rooms_3, nicolae_vaults_stepped_doors,
          nicolae_vaults_shipping_containers_5, nicolae_vaults_specimen_jars,
          nicolae_vaults_little_squares_5, nicolae_vaults_hallways_thing,
          nicolae_vaults_wine_cellar, nicolae_vaults_big_ls,
          nicolae_vaults_little_squares_5, layout_vaults_maze_snakey
Vaults:4: hangedman_vaults_maws, vaults_dpeg_diagonal, nicolae_vaults_wrenched,
          vaults_room_semicircle, vaults_mumra_chevron_long, v_alt_pattern_3,
          serial_library_hellmonk_reading_circle,
          nicolae_vaults_little_squares_4, v_alt_pattern_4,
          hangedman_vaults_snaps, nicolae_vaults_house_3, nicolae_vaults_prndl,
          layout_vaults_omnicross, serial_shops, nicolae_shop_real_fake_doors
Depths:1: layout_forbidden_donut, enter_ziggurat_d, grunt_hell_horde,
          serial_library, serial_library_hellmonk_hallway_b,
          serial_library_hellmonk_small_corner, serial_library_hellmonk_room_c,
          serial_library_hellmonk_room_b,
          serial_library_hellmonk_recessed_alcove,
          serial_library_hellmonk_semicircle, minmay_misc_feat_hallway,
          eino_tiny_chamber, slow_altar_2, grunt_megastairs_1,
          minmay_shop_grove, firewood_loft
Depths:2: nicolae_terramorphic_expanse [nicolae_terramorphic_quarter,
          nicolae_terramorphic_quarter, nicolae_terramorphic_quarter,
          nicolae_terramorphic_quarter, nicolae_terramorphic_quarter,
          nicolae_terramorphic_biome, nicolae_terramorphic_biome,
          nicolae_terramorphic_biome, nicolae_terramorphic_biome], layout_basic,
          nicolae_abyss_entry_one_way_or_another, pan_entry,
          pf_hell_entry_tar_spiral, serial_bayou_shore_b
Depths:3: minmay_central_circle, layout_gridlike, nicolae_figureground_sparkle,
          pf_coc_iceberg, abyss_entry, rand_demon_pan_entry_7, serial_shops,
          shop, corexii_corridor_pit
Depths:4: lemuel_castle_with_subvaults [lemuel_castle_interior_carwin_1],
          layout_gridlike, grunt_hell_entry_dis_mu, serial_shops, shop,
          hangedman_abyss_or_decor_stagger, abandoned_shop, grunt_ministairs_13,
          lemuel_nasty_fountain, uniq_parghit
Zot:1:    layout_basic, regret_index_zotdec_serpentine_scales
Zot:2:    layout_misc_corridors, regret_index_zotdec_silver_v_v_loose
Zot:3:    grunt_zot_stairs_mandelzot, layout_cathedral_of_symmetry,
          bh_zot_lava_cross, st_stairs_4
Zot:4:    grunt_twist_and_shout, layout_concentric_octagons, st_stairs_3
Zot:5:    layout_misc_corridors, st_stairs_5, skrybe_zot_glass_1

Skill      XL: |  1  2  3  4  5  6  7  8  9 10 11 12 13 14 15 16 17 18 19 20 21 22 23 24 25 26 |
---------------+-------------------------------------------------------------------------------+-----
Axes           | 4 5 6 7 10 13 14 17 | 17.8
Fighting       | 4 5 12 13 15 17 20 | 20.7
Maces & Flails | 2 |  2.9
Armour         | 3 4 7 12 14 16 17 20 22 | 22.3
Throwing       | 1 2 3 5 |  5.0
Invocations    | 9 15 18 19 20 | 20.9
Shields        | 6 10 16 | 16.0
Evocations     | 6 7 8 |  8.0
Spellcasting   | 1 4 6 8 9 10 11 12 | 12.6
Translocations | 1 3 6 10 11 13 15 16 17 18 | 18.2
Earth Magic    | 7 8 |  8.7
Summonings     | 6 10 12 13 15 17 19 21 22 | 22.8
Dodging        | 3 6 7 |  7.8
Stealth        | 3 |  3.5

Action                     |  1- 3 |  4- 6 |  7- 9 | 10-12 | 13-15 | 16-18 | 19-21 | 22-24 | 25-27 || total
---------------------------+-------+-------+-------+-------+-------+-------+-------+-------+-------++-------
  Melee: Hand axe          |   106 |   145 |       |       |       |       |       |       |       ||   251
         Whip              |       |    50 |   183 |       |       |       |       |       |       ||   233
         Broad axe         |       |       |    63 |   524 |  1305 |  1351 |  1400 |  1415 |   749 ||  6807
         War axe           |       |       |    28 |       |       |       |       |       |       ||    28
  Throw: Stone             |     1 |       |       |       |       |       |       |       |       ||     1
         Boomerang         |       |     3 |     5 |    38 |    22 |     4 |       |    27 |       ||    99
         Javelin           |       |       |       |       |       |       |       |     1 |       ||     1
   Cast: Animate Armour    |       |       |       |       |    12 |    90 |    99 |    94 |    47 ||   342
         Passwall          |       |       |       |       |     1 |       |     1 |       |     1 ||     3
         Manifold Assault  |       |       |       |       |       |   104 |    36 |    34 |    32 ||   206
         Summon Forest     |       |       |       |       |       |     1 |     4 |     5 |       ||    10
         Lesser Beckoning  |       |       |       |       |       |     5 |    22 |     4 |     5 ||    36
         Blink             |       |       |       |       |       |     1 |       |     1 |       ||     2
         Call Canine Famil |       |       |       |       |       |       |     4 |     1 |     1 ||     6
         Malign Gateway    |       |       |       |       |       |       |       |     4 |    14 ||    18
 Invoke: Elemental Force   |       |       |       |     2 |     3 |     4 |     4 |     3 |     2 ||    18
         Disaster Area     |       |       |       |       |       |     3 |     1 |     2 |     1 ||     7
         Upheaval          |       |       |       |       |       |       |       |     2 |     2 ||     4
  Evoke: Wand              |       |       |       |    11 |       |     5 |     3 |     7 |     2 ||    28
         Phantom mirror    |       |       |       |       |       |     1 |       |     1 |       ||     2
    Use: Scroll            |       |       |     6 |     9 |    10 |    12 |     7 |    19 |     8 ||    71
         Potion            |       |       |     2 |       |     2 |     5 |     7 |     3 |     6 ||    25
   Stab: Paralysed         |       |       |     2 |       |       |       |       |     4 |     1 ||     7
         Petrified         |       |       |       |       |     5 |       |       |       |       ||     5
         Distracted        |       |       |       |       |     2 |     5 |     6 |     9 |     1 ||    23
         Invisible         |       |       |       |       |       |     1 |       |       |       ||     1
         Confused          |       |       |       |       |       |       |       |       |     1 ||     1
 Armour: Robe              |    17 |       |       |       |       |       |       |       |       ||    17
         Ring mail         |    42 |    22 |       |       |       |       |       |       |       ||    64
         Scale mail        |       |    67 |   149 |   329 |   583 |       |       |       |       ||  1128
         Plate armour      |       |       |       |       |    68 |  1060 |   440 |    35 |       ||  1603
         Fire dragon scale |       |       |       |       |     2 |       |       |       |       ||     2
         Gold dragon scale |       |       |       |       |       |       |       |   525 |   370 ||   895
         Skin              |       |       |       |       |       |       |       |     9 |       ||     9
  Dodge: Dodged            |    65 |    80 |   136 |   167 |   324 |   303 |    96 |   171 |    95 ||  1437
         Repelled          |       |       |       |    13 |    79 |    43 |    66 |   161 |    81 ||   443
  Block: Buckler           |       |       |       |   183 |   875 |   782 |       |       |       ||  1840
         Kite shield       |       |       |       |       |       |   115 |  1072 |  1122 |   666 ||  2975

Table legend: (Time is in decaauts)
 A = Elapsed time spent in this place.
 B = Non-inter-level travel time spent in this place.
 C = Inter-level travel time spent in this place.
 D = Time resting spent in this place.
 E = Time spent auto-exploring this place.
 F = Levels seen in this place.
 G = Mean time per level.
                   A        B        C        D        E       F      G
               +--------+--------+--------+--------+--------+-----+--------+
         Total |  69085 |  59918 |   9167 |   6871 |  33625 |  54 | 1279.4 |
       Dungeon |  18685 |  15801 |   2884 |   1362 |   9370 |  15 | 1245.7 |
        Temple |     47 |      2 |     45 |      0 |      0 |   1 |   47.0 |
          Lair |   7486 |   6272 |   1214 |    413 |   4293 |   5 | 1497.2 |
         Swamp |   5461 |   4876 |    585 |    579 |   2801 |   4 | 1365.2 |
   Spider Nest |   7163 |   6223 |    940 |   2023 |   2398 |   4 | 1790.8 |
    Slime Pits |   1647 |   1531 |    116 |    171 |    757 |   5 |  329.4 |
  Orcish Mines |   2770 |   2189 |    581 |    215 |   1127 |   2 | 1385.0 |
   Elven Halls |   3224 |   2877 |    347 |     29 |   1978 |   3 | 1074.7 |
        Vaults |   5971 |   5209 |    762 |     21 |   3657 |   4 | 1492.8 |
        Depths |   7832 |   6509 |   1323 |    500 |   3602 |   4 | 1958.0 |
           Zot |   7071 |   6704 |    367 |   1080 |   3290 |   5 | 1414.2 |
        Bailey |    777 |    777 |      0 |    174 |    222 |   1 |  777.0 |
        Wizlab |    947 |    947 |      0 |    302 |    129 |   1 |  947.0 |
               +--------+--------+--------+--------+--------+-----+--------+

Top non-repeatable levels by time:
Depths:3: 2557 daAuts
   Zot:5: 2330 daAuts
Spider:2: 1952 daAuts
Depths:4: 1945 daAuts
    D:11: 1925 daAuts
   Zot:3: 1896 daAuts
 Swamp:3: 1884 daAuts
  Lair:5: 1872 daAuts
Spider:4: 1859 daAuts
Depths:2: 1802 daAuts
     D:2: 1770 daAuts
Spider:3: 1749 daAuts
     D:4: 1721 daAuts
  Lair:3: 1716 daAuts
Vaults:3: 1679 daAuts
